 Dungeon Crawl Stone Soup version 0.27-a0-1154-gfdeffcb720 (webtiles) character file.

Game seed: 7850943181178700244

16 flyleaff the Magician (level 2, -4/33 HPs)
             Began as a Djinni Fire Elementalist on May 14, 2021.
             Frozen to death by an endoplasm (5 damage)
             ... on level 1 of the Dungeon.
             The game lasted 00:02:31 (582 turns).

flyleaff the Magician (Djinni Fire Elementalist)     Turns: 582, Time: 00:02:32

Health: -4/33      AC: 21    Str:  7    XL:     2   Next: 75%
Gold:   22         EV:  2    Int: 16    God:
                   SH:  0    Dex: 13

rFire    . . .     SeeInvis .   (no weapon)
rCold    . . .     Faith    .   (no shield)
rNeg     + + +     Spirit   .   (armour currently unavailable)
rPois    ∞         Reflect  .   (helmet currently unavailable)
rElec    .         Harm     .   (cloak currently unavailable)
rCorr    .         Rampage  .   (gloves currently unavailable)
Will     .....     NoTele   +   (boots unavailable)
Stlth    ++........             (no amulet)
HPRegen  0.11/turn              (no ring)
MPRegen  0.00/turn              (no ring)

@: tree-form, attractive
A: stationary, stasis, torment immunity, boosted hp, sickness immunity, (fire
resistance 2), (cold vulnerability 1), float, innate caster, hp casting, extra
vitality 1
a: no special abilities


You were on level 1 of the Dungeon.
You were a tree.
You visited 1 branch of the dungeon, and saw 1 of its levels.

You collected 22 gold pieces.

Inventory:

Hand Weapons
 e - a +1 dagger of venom
Missiles
 c - 15 poisoned darts (quivered)
Armour
 a - a +0 robe (melded)
Potions
 g - a potion of curing {unknown}


   Skills:
 + Level 0.7 Fighting
 + Level 0.7 Armour
 + Level 2.4 Dodging
 - Level 1.5 Stealth
 * Level 2.6 Spellcasting


You couldn't memorise any spells.
You knew the following spells:

 Your Spells              Type           Power      Damage    Failure   Level
a - Foxfire               Conj/Fire      40%        2x1d6     6%          1
b - Conjure Flame         Conj/Fire      10%        6-21      19%         3
c - Inner Flame           Hex/Fire       10%        N/A       19%         3
d - Sticky Flame          Conj/Fire      10%        2d3       54%         4
e - Fireball              Conj/Fire      5%         3d5       87%         5
Your spell library was empty.

Dungeon Overview and Level Annotations

Branches:
Dungeon (1/15)

Altars:

Shops:
D:1 ?


Innate Abilities, Weirdness & Mutations

You are a tree.
Your roots penetrate the ground, keeping you stationary.
You cannot be teleported.
You are immune to unholy pain and torment.
Your maximum health is greatly increased.
Your equipment is partially melded.
You are immune to sickness and miasma.
You are immune to poison.
((Your flesh is very heat resistant. (rF++)))
((You are vulnerable to cold. (rC-)))
You float through the air rather than walking.
You learn spells naturally, not from books.
Your magical power is your life essence.
You have superior vitality. (+4 HP)


Message History

Your foxfire dissipates!
The foxfire hits the jackal.
The jackal is almost dead.
Casting: Foxfire (safe; 6% risk of failure)
Confirm with . or Enter, or press ? or * to list all spells.
You conjure some foxfire!
* * * LOW HITPOINT WARNING * * *
The jackal closely misses you. The jackal barely misses you.
Your foxfire dissipates!
Casting: Foxfire (safe; 6% risk of failure)
Confirm with . or Enter, or press ? or * to list all spells.
Okay, then.
Throw: 17 darts (poison)
Press: ? - help, Q - select action, (/) - cycle Shift-Dir - straight line, f - jackal
Aim: a jackal (almost dead, 47% to hit)
You throw a poisoned dart. The poisoned dart misses the jackal.
The poisoned dart barely misses the endoplasm.
The jackal closely misses you. The jackal bites you.
* * * LOW HITPOINT WARNING * * *
Throw: 16 darts (poison)
Press: ? - help, Q - select action, (/) - cycle Shift-Dir - straight line, f/p - jackal
Aim: a jackal (almost dead, 47% to hit)
You throw a poisoned dart. The poisoned dart hits the jackal.
The jackal is poisoned.
The jackal is almost dead.
The jackal misses you.
You kill the jackal!
Casting: Foxfire (safe; 6% risk of failure)
Confirm with . or Enter, or press ? or * to list all spells.
Okay, then.
It was a potion of lignification.
You turn into a tree.
Your +0 robe melds into your body.
Your roots penetrate the ground.
The endoplasm freezes you.
You are frozen.
* * * LOW HITPOINT WARNING * * *
It was a potion of attraction.
You feel attractive to monsters. The endoplasm freezes you.
You are frozen.
You die...

#.......####.##.......##.# #.#
#.......# #..#####'#####.# #.#
#.......# #.######.#####.# #.#
##....#####..............######..
#..#..........⌠.................
##..######..#....###.###.#######.
#...# ##.###..###'###.# #. ....#
#.# #..##...##.# #. ....#
#.###.♣##...##>. .. ....#
####..##.J##.<.##.# .. ....#
#.....##..##...##.# ## ....#
#.....##..##...##. #..##
#.....##..###### ....#
#.....##..# ###.# #########.# .
.# #(# ..# .. #.###...#


You could see an endoplasm.

Vanquished Creatures
  2 ball pythons (D:1)
  An endoplasm (D:1)
  A hobgoblin (D:1)
  4 jackals (D:1)
  2 quokkas (D:1)
  A bat (D:1)
  A frilled lizard (D:1)
  A kobold (D:1)
  A rat (D:1)
14 creatures vanquished.

Vanquished Creatures (others)
  25 foxfires (D:1)
25 creatures vanquished.

Grand Total: 39 creatures vanquished

Notes
Turn   | Place    | Note
-------+----------+-------------------------------------------
     0 | D:1      | flyleaff the Djinni Fire Elementalist began the quest for
                  | the Orb.
     0 | D:1      | Reached XP level 1. HP: 15/15 MP: 0/0
   344 | D:1      | Reached XP level 2. HP: 20/22 MP: 0/0
   450 | D:1      | Found Yqaegras's Magic Scroll Shoppe.
   581 | D:1      | HP: 1/33 [frozen (5)]
   582 | D:1      | Frozen to death by an endoplasm

Illustrated notes

Levels and vault maps discovered:
D:1:      dpeg_arrival_rooms_a, layout_rooms, serial_shops, shop, nrook_uturn

Action                   || total
-------------------------++-------
Throw: Dart              ||     2
 Cast: Foxfire           ||    21
  Use: Scroll            ||     2
       Potion            ||     2
Armor: Robe              ||     4
Dodge: Dodged            ||    15

Table legend: (Time is in decaauts)
 A = Elapsed time spent in this place.
 B = Non-inter-level travel time spent in this place.
 C = Inter-level travel time spent in this place.
 D = Time resting spent in this place.
 E = Time spent auto-exploring this place.
 F = Levels seen in this place.
 G = Mean time per level.
                   A        B        C        D        E       F      G
               +--------+--------+--------+--------+--------+-----+--------+
         Total |    582 |    582 |      0 |      0 |    490 |   1 |  582.0 |
       Dungeon |    582 |    582 |      0 |      0 |    490 |   1 |  582.0 |
               +--------+--------+--------+--------+--------+-----+--------+

Top non-repeatable levels by time:
     D:1: 582 daAuts
